Map: Dusk Towers

Players

LiquidSnute (Snute) - Winner!

  • Race: Zerg Zerg

Kelazhur

  • Race: Terran Terran
  • League: Master

Event: Root's WW3

VOD

Have the link to the VOD?

Description

Time

  • Played on: Dec. 11, 2015, 7:35 a.m.
  • Length: 30:04

All games in this series

Show
View Real Time Build Order
Export as new Build Order

LiquidSnute Zerg - Winner!

Build Orders: Hatch First 

Get SALT Encoding   

  12  0:01  Drone  
  13  0:12  Overlord  
  13  0:17  Drone  
  14  0:31  Drone x2  
  14  0:34  Drone  
  17  0:52  Hatchery  
  17  0:54  Drone  
  17  0:57  Drone  
  17  1:01  Extractor  
  17  1:12  Spawning Pool  
  17  1:15  Drone  
  17  1:19  Drone  
  18  1:28  Drone  
  19  1:38  Overlord  
  19  1:59  Zergling x2, Queen  
  22  2:01  Zergling x2  
  22  2:02  Metabolic Boost  
  22  2:03  Queen  
  22  2:06  Drone  
  26  2:11  Drone  
  26  2:14  Drone  
  28  2:22  Drone  
  29  2:25  Drone  
  30  2:32  Overlord  
  30  2:36  Drone, Queen  
  33  2:43  Zergling x2  
  34  2:46  Drone  
  35  2:56  Drone  
  35  2:57  Drone  
  37  3:04  Overlord  
  37  3:07  Drone x2  
  37  3:08  Drone x2  
  37  3:11  Drone  
  37  3:12  Drone x2  
  44  3:18  Overlord  
  44  3:24  Drone  
  44  3:25  Queen  
  44  3:26  Hatchery  
  46  3:29  Drone  
  46  3:32  Drone  
  48  3:39  Extractor  
  48  3:40  Drone x2  
  49  3:42  Drone  
  49  3:43  Drone x3  
  49  3:44  Drone  
  54  3:51  Drone  
  54  3:54  Overlord  
  55  3:57  Lair  
  55  3:59  Roach Warren  
  55  4:02  Drone  
  55  4:03  Queen, Extractor  
  56  4:12  Drone x2  
  56  4:16  Drone  
  59  4:18  Spore Crawler  
  58  4:28  Overlord  
  58  4:29  Overlord  
  58  4:38  Roach  
  58  4:39  Roach x4  
  58  4:40  Queen  
  58  4:43  Roach  
  72  4:52  Drone x6  
  78  4:53  Drone  
  78  4:54  Drone x2  
  78  4:57  Glial Reconstitution  
  81  5:01  Drone  
  81  5:02  Overseer  
  81  5:05  Overlord  
  81  5:06  Drone  
  83  5:11  Drone, Extractor  
  83  5:15  Drone, Extractor x2  
  83  5:18  Drone  
  83  5:20  Evolution Chamber x2  
  81  5:24  Infestation Pit  
  81  5:25  Drone  
  81  5:29  Drone x3  
  81  5:30  Drone x4  
  88  5:38  Drone x2  
  88  5:41  Overlord  
  90  5:47  Zerg Missile Weapons Level 1, Zerg Ground Armor Level 1  
  90  5:53  Overlord x2  
  90  6:00  Hatchery  
  90  6:02  Drone  
  90  6:03  Drone x2  
  92  6:04  Infestor x3  
  92  6:10  Pneumatized Carapace  
  98  6:17  Drone x3  
  98  6:18  Drone x2  
  103  6:28  Drone  
  103  6:32  Ravager x4  
  108  6:33  Roach x3  
  108  6:34  Overlord x2  
  108  6:35  Overlord  
  114  6:43  Overlord x2  
  114  6:52  Extractor  
  113  6:59  Extractor  
  113  7:01  Overlord x2  
  112  7:02  Roach x9  
  130  7:09  Ravager x2  
  132  7:26  Roach  
  132  7:27  Roach x14  
  162  7:32  Drone  
  162  7:36  Spore Crawler  
  162  7:40  Spore Crawler, Roach x3  
  162  7:41  Overlord  
  162  7:43  Zerg Missile Weapons Level 2  
  167  7:45  Zerg Ground Armor Level 2, Queen x2  
  167  7:47  Overlord  
  167  7:50  Overlord  
  171  7:57  Spore Crawler  
  170  8:03  Hive  
  170  8:06  Ravager x3  
  170  8:07  Drone, Ravager  
  170  8:08  Drone x2  
  170  8:10  Roach  
  170  8:11  Roach x2  
  181  8:21  Pathogen Glands  
  181  8:29  Spore Crawler  
  181  8:31  Roach x9  
  181  8:33  Spore Crawler  
  194  8:39  Drone  
  195  8:43  Drone  
  195  8:44  Drone x4  
  195  8:45  Spore Crawler x2  
  195  8:46  Drone  
  195  8:47  Drone  
  200  8:56  Spine Crawler  
  200  8:57  Spine Crawler  
  198  9:05  Hatchery  
  197  9:10  Roach  
  199  9:17  Ultralisk Cavern  
  165  9:53  Roach x10  
  165  9:54  Roach x10  
  186  10:00  Overlord x2  
  186  10:02  Zerg Ground Armor Level 3, Zerg Missile Weapons Level 3  
  186  10:06  Chitinous Plating  
  186  10:11  Overlord  
  186  10:18  Overseer  
  186  10:21  Roach x7  
  194  10:30  Roach x3  
  188  10:41  Roach  
  188  10:42  Roach x13  
  159  10:53  Ravager x7, Infestor  
  159  10:54  Infestor x2  
  168  11:02  Ultralisk  
  170  11:12  Ultralisk  
  182  11:18  Ultralisk  
  182  11:29  Ultralisk  
  182  11:30  Infestor  
  190  11:46  Ultralisk  
  181  12:09  Roach x9  
  183  12:44  Infestor  
  187  12:56  Roach x5  
  199  13:04  Hatchery, Infestor x3  
  200  13:18  Hatchery  
  199  13:33  Ravager  
  200  13:34  Spine Crawler  
  200  13:35  Spine Crawler  
  200  13:37  Zerg Melee Weapons Level 1  
  200  13:38  Spine Crawler, Adrenal Glands  
  200  13:39  Overlord x2  
  195  14:00  Ultralisk x2  
  183  14:03  Drone x5  
  182  14:12  Ultralisk x3, Extractor  
  182  14:13  Spire  
  198  14:20  Drone x2  
  200  14:28  Ravager x2  
  200  14:55  Burrow  
  167  15:09  Ultralisk x7  
  157  15:15  Roach x4  
  154  15:22  Infestor  
  156  15:31  Infestor  
  156  15:32  Queen x3  
  166  15:36  Ravager  
  167  15:46  Roach x2  
  167  15:47  Roach x3  
  144  16:11  Ravager x2  
  144  16:12  Ravager, Zergling x2  
  144  16:13  Zergling x36  
  144  16:15  Zerg Melee Weapons Level 2  
  159  16:34  Hatchery  
  158  16:44  Ravager  
  158  16:45  Ravager x6  
  158  16:46  Infestor x2  
  165  17:02  Ultralisk x2  
  165  17:05  Infestor  
  165  17:08  Zergling x20  
  158  17:25  Ultralisk  
  164  17:40  Infestor  
  164  17:41  Infestor  
  154  18:00  Drone  
  154  18:01  Drone x6  
  160  18:08  Ultralisk  
  160  18:09  Ultralisk  
  160  18:11  Drone x3  
  175  18:17  Queen x3  
  175  18:19  Infestor  
  183  18:29  Extractor  
  182  18:40  Ultralisk  
  171  19:30  Ultralisk  
  175  19:35  Zergling x12  
  175  19:36  Zergling x20  
  185  19:43  Queen x4  
  188  19:53  Zerg Melee Weapons Level 3  
  188  19:54  Hatchery  
  182  20:00  Hatchery, Zergling x12  
  182  20:01  Zergling x8  
  190  20:25  Extractor  
  189  20:31  Queen x3  
  195  20:49  Queen x2  
  199  21:02  Extractor  
  198  21:06  Extractor  
  197  21:13  Greater Spire  
  197  21:14  Hatchery  
  196  21:30  Viper  
  199  21:39  Spore Crawler, Spine Crawler  
  196  22:09  Viper  
  198  22:25  Hatchery  
  193  22:54  Hatchery  
  192  22:59  Overlord x2  
  192  23:09  Extractor x2  
  187  23:20  Drone x4  
  187  23:21  Drone x4  
  183  23:56  Corruptor  
  183  23:57  Corruptor x7  
  180  25:09  Ultralisk x3  
  190  25:18  Zergling x2  
  190  25:19  Zergling x22  
  189  25:22  Zerg Flyer Weapons Level 1  
  189  25:26  Neural Parasite  
  182  25:39  Infestor x2  
  140  26:30  Ultralisk x2  
  140  26:31  Ultralisk x5  
  141  26:35  Ultralisk, Queen x2  
  141  26:36  Queen  
  145  26:51  Ultralisk  
  151  26:58  Extractor  
  151  26:59  Extractor  
  151  27:01  Ultralisk  
  155  27:04  Queen x3  
  155  27:05  Queen  
  155  27:08  Roach x6  
  175  27:11  Zergling x26  
  175  27:12  Zergling x14  
  195  27:37  Zergling x10  
  197  27:49  Ultralisk  
  197  27:50  Ultralisk  
  198  27:56  Ultralisk  
  196  28:01  Zergling x10  
  194  28:13  Ravager  
  194  28:14  Ravager x2  
  194  28:16  Zergling x6  
  188  28:38  Ultralisk x3  
  200  28:48  Ultralisk  
  184  29:00  Zergling x2  
  184  29:01  Zergling x24  
  194  29:06  Infestor  
  194  29:09  Infestor  
  195  29:32  Zergling x2  
  195  29:33  Zergling x6  
Show
View Real Time Build Order
Export as new Build Order

Kelazhur Terran 

Build Orders: Command Center First (CC), Bio Tank, MMM Bio 

Get SALT Encoding   

  12  0:01  SCV  
  13  0:13  SCV  
  14  0:17  Supply Depot  
  14  0:25  SCV  
  15  0:39  SCV  
  16  0:51  SCV  
  17  0:59  Command Center  
  17  1:03  SCV  
  18  1:13  Barracks  
  18  1:15  SCV  
  19  1:21  Refinery  
  19  1:27  SCV  
  20  1:39  SCV  
  21  1:52  SCV  
  22  2:01  Marine  
  22  2:04  Orbital Command  
  23  2:11  Orbital Command  
  23  2:19  Marine  
  24  2:28  Command Center  
  24  2:30  SCV  
  26  2:37  SCV  
  26  2:40  Factory  
  26  2:42  Barracks Reactor  
  26  2:44  SCV  
  26  2:49  SCV  
  28  2:51  Refinery  
  28  2:56  SCV  
  29  3:01  SCV  
  30  3:09  SCV  
  31  3:13  SCV  
  32  3:21  SCV  
  32  3:22  Barracks  
  32  3:23  Barracks  
  32  3:24  Supply Depot  
  32  3:25  SCV  
  32  3:26  Barracks Tech Lab  
  34  3:31  Hellion x2  
  38  3:39  Orbital Command  
  38  3:40  SCV x2  
  40  3:45  Stimpack  
  40  3:46  Marine  
  41  3:52  SCV x2  
  41  3:53  Hellion x2  
  47  4:04  SCV x2  
  47  4:07  SCV  
  50  4:11  Barracks Reactor x2  
  50  4:13  Marine  
  50  4:14  Hellion  
  50  4:15  Hellion  
  50  4:16  SCV x2  
  57  4:19  SCV  
  58  4:28  Refinery, Engineering Bay x2  
  58  4:29  Refinery  
  58  4:30  Supply Depot  
  58  4:31  SCV, Supply Depot  
  58  4:33  SCV  
  58  4:34  SCV  
  61  4:44  Starport  
  61  4:48  Orbital Command  
  61  4:51  Marine x4  
  61  4:52  SCV, Marauder  
  68  4:55  SCV  
  69  5:01  Terran Infantry Weapons Level 1, Terran Infantry Armor Level 1  
  69  5:02  Supply Depot  
  69  5:04  SCV  
  70  5:07  Factory Reactor  
  70  5:10  Barracks  
  70  5:12  Barracks  
  70  5:13  SCV x2  
  72  5:16  SCV  
  73  5:22  Medivac x2  
  73  5:23  Marine x3  
  73  5:25  SCV  
  73  5:26  Marauder  
  83  5:29  Bunker  
  83  5:30  Factory Tech Lab  
  83  5:35  SCV x2  
  83  5:37  SCV, Bunker, Marine  
  85  5:48  Supply Depot  
  85  5:49  Siege Tank  
  86  5:50  Supply Depot  
  86  5:51  Supply Depot  
  86  5:52  SCV x2  
  86  5:53  SCV, Medivac  
  91  5:59  Medivac  
  93  6:09  Marine x5  
  93  6:10  SCV  
  99  6:12  Armory  
  99  6:17  Barracks Reactor x2  
  99  6:19  SCV x2  
  99  6:22  SCV  
  100  6:27  Marine  
  100  6:28  Marauder  
  100  6:29  Marine x2  
  100  6:30  Siege Tank  
  100  6:31  SCV x2  
  110  6:37  SCV  
  110  6:38  Supply Depot  
  110  6:39  Barracks Reactor  
  111  6:40  Refinery, Medivac x2  
  111  6:42  Combat Shields  
  111  6:46  SCV x2, Supply Depot  
  117  6:59  Marine x6  
  117  7:01  Supply Depot  
  123  7:02  Supply Depot, Terran Infantry Weapons Level 2  
  123  7:03  Supply Depot  
  123  7:11  Command Center  
  123  7:13  Marine  
  124  7:17  Marine  
  117  7:25  Marauder, Marine x3  
  117  7:29  Siege Tank, Medivac x2  
  129  7:32  Refinery  
  129  7:38  Barracks, Marine x2  
  129  7:39  Barracks, Marine x2  
  129  7:40  Marine  
  129  7:42  Barracks  
  134  7:50  Marauder, Marine x3  
  139  7:53  Supply Depot  
  139  7:55  SCV x3  
  139  7:56  Supply Depot  
  139  7:57  Terran Infantry Armor Level 2  
  142  7:58  Marine x2  
  142  7:59  Marine x2  
  142  8:02  Siege Tank, Medivac  
  151  8:10  Supply Depot  
  151  8:11  Supply Depot  
  150  8:23  Marine  
  150  8:24  Marauder, Marine x2  
  155  8:33  Barracks Tech Lab x2  
  155  8:34  Barracks Tech Lab, Concussive Shells  
  154  8:35  Medivac x2  
  158  8:41  Marine  
  158  8:42  Marine x7  
  158  8:45  Marauder  
  158  8:46  Factory  
  168  8:50  Factory  
  168  8:51  Missile Turret  
  168  8:55  Planetary Fortress  
  168  8:59  Marine x2  
  168  9:01  Marauder x3, Marine x6  
  182  9:03  Siege Tank  
  182  9:05  Medivac  
  182  9:07  Marauder  
  189  9:17  Marine x2  
  189  9:19  Marine  
  189  9:21  Marine  
  189  9:22  Marauder x2, Marine x2  
  189  9:23  Terran Infantry Weapons Level 3  
  199  9:26  Marine  
  199  9:52  Marauder x3, Marine  
  172  9:53  Siege Tank  
  172  9:55  Factory Tech Lab x2  
  172  9:59  Medivac x2  
  153  10:02  Marauder  
  153  10:03  Marine  
  153  10:05  Marine  
  152  10:10  Marine x2  
  152  10:13  Command Center  
  152  10:14  Marauder x3  
  158  10:24  Marauder  
  152  10:32  Marine  
  152  10:35  Marauder x3  
  150  10:39  Siege Tank  
  131  10:42  Medivac  
  131  10:43  Marine x2, Medivac  
  131  10:45  Marauder  
  127  10:50  Refinery x2, Marine  
  127  10:52  Marine x4  
  127  10:55  Terran Infantry Armor Level 3  
  127  10:56  Marauder  
  127  10:57  Marauder x2  
  138  11:01  Marine  
  138  11:03  Command Center  
  139  11:05  Marine x2  
  139  11:06  Marauder  
  139  11:08  Marine  
  139  11:10  Marine x2  
  146  11:17  Marine  
  146  11:18  Marauder x3  
  153  11:19  Siege Tank x2  
  153  11:23  Siege Tank  
  162  11:28  Marauder  
  164  11:39  Marauder x3  
  170  11:40  Marine  
  171  11:48  Marine  
  171  11:49  Marauder  
  174  12:01  Marauder x3  
  179  12:04  Starport, Liberator x2  
  179  12:06  Starport  
  179  12:08  Siege Tank x2  
  172  12:11  Marauder  
  173  12:15  Marine  
  173  12:22  Marine, Marauder x3  
  187  12:32  Marauder  
  183  12:43  Marauder x2  
  183  12:44  Marauder  
  173  12:53  Marauder  
  173  12:55  Marine  
  168  12:59  Medivac  
  168  13:00  Medivac  
  168  13:04  Medivac  
  168  13:05  Marauder x3  
  176  13:06  Marine  
  176  13:08  Siege Tank x2  
  181  13:15  Marauder  
  181  13:19  Orbital Command  
  183  13:20  Command Center  
  183  13:27  Terran Vehicle Weapons Level 1  
  183  13:29  Marauder x3  
  183  13:30  Medivac x3  
  195  13:36  Marauder  
  197  13:46  Command Center  
  195  13:49  Command Center  
  195  13:50  Marauder  
  195  13:56  Marauder  
  195  13:57  Marauder  
  195  13:58  Marauder  
  198  14:12  Marauder  
  198  14:15  Planetary Fortress  
  200  14:20  Missile Turret  
  200  14:40  Command Center  
  200  14:42  Command Center  
  200  15:05  Marauder x2  
  173  15:08  Marauder x2, Marine x5  
  173  15:10  Siege Tank x3  
  173  15:12  Marine  
  172  15:15  Liberator  
  172  15:22  Marine  
  172  15:23  Marine  
  172  15:26  Marine x2  
  172  15:27  Orbital Command, Marauder x2  
  172  15:28  Planetary Fortress  
  180  15:30  Marauder x2  
  187  15:36  Marine  
  187  15:42  Siege Tank  
  191  15:43  Marine x5  
  191  15:44  Marine  
  191  15:47  Liberator x2  
  191  15:48  Marauder  
  199  15:55  Marine  
  199  15:56  Marauder  
  179  16:05  Siege Tank x2  
  146  16:13  Marine x2, Liberator x2  
  146  16:14  Marine, Marauder  
  146  16:18  Marine  
  155  16:20  Siege Tank  
  152  16:30  Liberator  
  157  16:41  Marauder x2  
  161  16:47  Marauder x2  
  161  16:48  Marine  
  159  17:02  Marauder  
  159  17:06  Marauder, Marine  
  159  17:07  Marine x7  
  158  17:09  Marauder x2  
  158  17:12  Medivac  
  158  17:13  Medivac x2  
  158  17:23  Siege Tank  
  158  17:24  Marine x4, Marauder  
  158  17:25  Marine x4  
  158  17:28  Marauder  
  173  17:30  Marauder, Marine  
  176  17:42  Marine  
  177  17:44  Marine x5  
  182  17:53  Marauder, Marine x2  
  182  17:54  Marine, Marauder x2  
  185  17:59  Orbital Command  
  185  18:00  Marine  
  185  18:02  Marine  
  184  18:06  Siege Tank x2  
  184  18:07  Siege Tank  
  184  18:09  Terran Vehicle Weapons Level 2  
  184  18:10  Marine  
  184  18:12  Marauder  
  196  18:13  Marine  
  196  18:15  Marauder  
  196  18:18  Marine  
  148  19:26  Marauder x2  
  147  19:32  Marauder x2, Marine x8  
  147  19:37  Starport Tech Lab  
  161  19:40  Starport  
  161  19:42  Starport Tech Lab  
  161  19:47  Marine  
  161  19:48  Marauder  
  161  19:49  Marine  
  161  19:50  Marine  
  161  19:51  Medivac  
  161  19:52  Medivac  
  164  19:56  Missile Turret  
  154  20:09  Marauder x4, Marine x8  
  170  20:17  Siege Tank x2  
  170  20:18  Siege Tank  
  179  20:21  Ghost Academy  
  179  20:23  Planetary Fortress  
  179  20:25  Building Armor  
  179  20:26  Marine  
  179  20:27  Marine  
  181  20:30  Command Center, Marauder x2  
  181  20:31  Command Center, Marauder x2, Marine x6  
  181  20:32  Command Center  
  195  20:36  Refinery  
  195  20:37  Refinery  
  195  20:38  Refinery  
  195  20:44  Marine x2  
  195  20:47  Refinery x2  
  195  20:49  Marine x3  
  200  20:56  Sensor Tower  
  200  21:30  Marine  
  200  21:45  Personal Cloaking  
  200  21:47  Hi-Sec Auto Tracking  
  199  22:06  Terran Ship Weapons Level 1  
  199  22:15  Armory  
  199  22:16  Starport x2  
  189  22:27  Ghost x4  
  191  22:35  Barracks  
  191  22:36  Barracks, Orbital Command x2  
  191  22:47  Command Center, Refinery, Marine  
  192  22:55  Ghost x2  
  192  22:56  Ghost, Fusion Core  
  198  23:17  Ghost  
  173  23:24  Ghost  
  173  23:25  Starport Tech Lab x2  
  172  23:34  Viking x2  
  172  23:36  Terran Vehicle And Ship Armor Level 1  
  170  23:45  Battlecruiser x3  
  183  23:58  Ghost x3  
  189  24:06  Battlecruiser  
  195  24:29  Terran Ship Weapons Level 2  
  187  25:05  Marauder  
  186  25:08  Battlecruiser x2  
  168  25:19  Battlecruiser  
  158  25:22  Marine x5  
  163  25:30  Marine  
  163  25:33  Command Center  
  163  25:34  Medivac  
  165  25:51  Marauder  
  165  25:52  Marine x7  
  165  25:53  Command Center  
  174  26:02  Barracks x2  
  174  26:04  Barracks  
  174  26:14  Marauder  
  123  26:35  Marauder  
  123  26:38  Weapon Refit  
  113  26:40  Medivac  
  113  26:41  Marine x7  
  113  26:42  Marine  
  113  26:45  Refinery  
  111  26:55  Medivac  
  111  26:56  Marauder  
  111  26:59  Marine x6  
  111  27:00  Marine x4  
  111  27:01  Marine x3  
  128  27:12  Missile Turret  
  128  27:17  Medivac, Marine x3  
  128  27:18  Refinery, Medivac  
  128  27:21  Missile Turret  
  135  27:22  Medivac  
  135  27:25  Marine x2  
  135  27:26  Marine x9  
  148  27:34  Marine  
  148  27:35  Marine  
  150  27:37  Marine  
  150  27:41  Supply Depot x2  
  150  27:44  Planetary Fortress  
  143  27:56  Marauder  
  135  28:01  Marine x3  
  121  28:06  Marine  
  121  28:07  Marine x5  
  121  28:11  Marine x4  
  130  28:18  Marauder  
  113  28:35  Marine x8  
  113  28:36  Marine  
  113  28:39  Marauder  
  97  28:52  Medivac x2  
  97  28:53  Marine x4, Medivac  
  93  28:56  Medivac x2  
  93  28:57  Medivac  
  93  29:00  Marauder  
  88  29:05  Barracks Tech Lab x4  
  74  29:22  Medivac, Marauder  
  76  29:26  Marine, Marauder x4  
  83  29:39  Marine  
  83  29:40  Marine  
  83  29:43  Marauder  
Tags
 
Add a new tag
Caveats
  • Supply blocks, unpowered buildings, or Contaminate may cause inaccurate times.
  • Supply counts are checked every 10 seconds.